Map: Dusk Towers

Players

capac - Winner!

  • Race: Terran Terran
  • League: Gold

JorgenCHE

  • Race: Zerg Zerg
  • League: Platinum

VOD

Have the link to the VOD?

Description

Time

  • Played on: May 5, 2016, 3:16 p.m.
  • Length: 10:13
Show
View Real Time Build Order
Export as new Build Order

capac Terran - Winner!

Build Orders: Reaper Expand 

Get SALT Encoding   

  12  0:00  SCV  
  13  0:12  SCV  
  14  0:18  Supply Depot  
  14  0:27  SCV  
  15  0:40  SCV  
  15  0:42  Barracks  
  16  0:44  Refinery  
  16  0:52  SCV  
  17  1:04  SCV  
  18  1:16  SCV  
  19  1:28  Orbital Command  
  19  1:29  Reaper  
  20  1:44  Command Center  
  20  1:52  Supply Depot  
  20  1:56  SCV  
  21  2:01  Marine  
  22  2:10  Factory  
  22  2:12  SCV  
  23  2:16  Refinery  
  23  2:26  Barracks, Barracks Reactor  
  23  2:29  SCV  
  24  2:48  SCV  
  25  2:55  Factory Tech Lab  
  25  3:01  Starport  
  24  3:10  SCV  
  24  3:11  Orbital Command  
  25  3:16  Barracks Tech Lab, Barracks  
  25  3:18  Marine x2  
  27  3:24  SCV  
  28  3:33  Siege Tank  
  31  3:36  SCV  
  31  3:37  SCV  
  33  3:43  Marine x2  
  33  3:47  Marine  
  36  3:52  Medivac  
  38  4:02  Supply Depot  
  38  4:04  SCV x2  
  40  4:14  Siege Tank  
  40  4:15  Marine x2  
  40  4:16  SCV  
  46  4:22  Supply Depot  
  46  4:23  Marine, SCV  
  48  4:27  Refinery  
  48  4:31  Starport Reactor  
  48  4:33  SCV  
  48  4:34  Marine x2  
  51  4:41  Stimpack  
  51  4:43  SCV  
  52  4:52  Barracks Reactor  
  52  4:53  Marine x2  
  52  4:55  Marine  
  55  5:02  SCV x2  
  55  5:04  Supply Depot  
  57  5:12  Marine x2  
  59  5:15  Medivac  
  61  5:23  Medivac  
  61  5:25  SCV x2  
  61  5:26  Marine  
  61  5:27  Supply Depot  
  66  5:29  Marine x2  
  68  5:36  Engineering Bay  
  68  5:37  Marine x2  
  68  5:39  SCV  
  68  5:40  SCV  
  72  5:51  Supply Depot  
  72  5:53  Marine  
  72  5:54  Marine x2  
  72  5:56  SCV x2  
  77  5:57  Medivac x2  
  77  6:03  Refinery, Marine  
  77  6:04  Marine  
  83  6:08  SCV x2  
  85  6:14  Supply Depot  
  85  6:19  Marine x2, Liberator x2  
  85  6:20  Marine  
  88  6:34  Barracks  
  88  6:36  Barracks  
  93  7:03  Liberator  
  93  7:04  Liberator  
  92  7:17  Marine  
  92  7:18  Marine x4  
  89  7:37  Barracks Reactor  
  89  7:38  Barracks Reactor  
  89  7:41  Supply Depot, Marine x4  
  89  7:42  Marauder  
  89  7:43  Starport  
  95  7:45  Siege Tank  
  98  8:13  Marine x3  
  98  8:14  Marine x3  
  98  8:15  Marine x2  
  98  8:18  Supply Depot  
  106  8:21  Medivac x2  
  106  8:23  Supply Depot  
  106  8:26  Armory  
  110  8:30  Engineering Bay  
  110  9:07  Supply Depot x2  
  110  9:08  Marine x9  
  119  9:25  Marine  
  119  9:26  Marine x6  
  119  9:27  Marauder  
  119  9:31  Command Center  
  128  9:43  Missile Turret  
Show
View Real Time Build Order
Export as new Build Order

JorgenCHE Zerg 

Build Orders: Hatch First 

Get SALT Encoding   

  12  0:01  Drone  
  13  0:10  Drone  
  14  0:20  Overlord  
  14  0:45  Hatchery  
  14  0:46  Drone  
  14  1:01  Spawning Pool  
  13  1:08  Drone x2  
  15  1:19  Drone  
  15  1:21  Extractor  
  15  1:24  Extractor  
  14  1:35  Drone x2  
  16  1:43  Overlord  
  16  1:48  Queen  
  18  1:57  Queen  
  20  2:03  Drone  
  21  2:12  Drone x2  
  23  2:19  Metabolic Boost  
  23  2:26  Zergling x2  
  23  2:27  Zergling x2  
  25  2:50  Drone x3  
  25  2:51  Drone  
  29  2:52  Overlord  
  28  3:08  Extractor  
  28  3:12  Extractor, Drone x4  
  30  3:13  Drone x3  
  33  3:31  Drone x3  
  36  3:43  Zergling x2  
  36  3:44  Zergling x12  
  36  3:47  Overlord  
  43  4:03  Overlord x2  
  43  4:22  Baneling Nest  
  43  4:23  Hatchery  
  41  4:45  Lair  
  41  4:49  Zergling x4  
  41  4:50  Zergling x4, Drone  
  46  4:56  Hatchery  
  45  5:11  Drone x6  
  51  5:17  Overlord  
  51  5:24  Baneling  
  51  5:25  Baneling x4  
  51  5:27  Baneling x2  
  51  5:35  Queen  
  51  5:38  Drone  
  54  5:51  Roach Warren  
  54  5:54  Hydralisk Den  
  52  5:57  Drone  
  52  5:58  Drone x3  
  56  6:13  Centrifical Hooks  
  56  6:19  Drone x6  
  62  6:26  Overlord  
  62  6:37  Queen  
  64  6:54  Zergling x10  
  59  6:55  Zergling x2  
  59  6:57  Roach x4  
  59  7:03  Drone x2  
  48  7:13  Queen  
  48  7:16  Roach  
  46  7:23  Drone x2  
  48  7:41  Hydralisk x2  
  52  7:48  Queen  
  54  8:05  Hydralisk x3  
  60  8:29  Hydralisk x4  
  68  8:44  Hydralisk x2  
  68  8:45  Hydralisk  
  74  8:53  Spore Crawler  
  73  9:27  Overlord  
  73  9:30  Roach x4  
  81  9:38  Extractor  
  80  9:41  Extractor, Drone x2  
Tags
 
Add a new tag
Caveats
  • Supply blocks, unpowered buildings, or Contaminate may cause inaccurate times.
  • Supply counts are checked every 10 seconds.